 Dungeon Crawl Stone Soup version 0.29-a0-824-gd827844252 (webtiles) character file.

Game seed: 14225749931423038429

121081 greenreed the Bludgeoner (level 16, -16/146 HPs)
             Began as a Minotaur Fighter on July 10, 2022.
             Was the Champion of the Shining One.
             Killed from afar by a thorn hunter (44 damage)
             ... with a volley of thorns
             ... on level 4 of the Swamp on July 11, 2022.
             The game lasted 01:26:32 (24958 turns).

greenreed the Bludgeoner (Minotaur Fighter)        Turns: 24958, Time: 01:26:38

Health: -16/146    AC: 29    Str: 34    XL:     16   Next: 31%
Magic:  7/23       EV: 25    Int:  9    God:    the Shining One [******]
Gold:   1327       SH: 28    Dex: 11    Spells: 15/15 levels left

rFire   . . .      SeeInvis +   O - +12 mace of Zuarhu {freeze, Fly rN+ Will+ rCorr Int+4}
rCold   + . .      Faith    .   Z - +0 tower shield
rNeg    + + +      Spirit   .   S - +6 chain mail "Seib" {rC+}
rPois   +          Reflect  .   s - +1 hat {SInv}
rElec   .          Harm     .   p - +0 cloak
rCorr   +          Rampage  .   b - +2 pair of gloves
Will    ++...                   z - +2 pair of boots
Stlth   ..........              Y - amulet of the acrobat
HPRegen 0.34/turn               t - ring of poison resistance
MPRegen 0.18/turn               c - +6 ring of strength

@: divinely shielded, acrobatic, flying, glowing
A: horns 2, retaliatory headbutt
a: Renounce Religion, Divine Shield, Cleansing Flame, Summon Divine Warrior,
Brand Weapon With Holy Wrath


You were on level 4 of the Swamp.
You worshipped the Shining One.
The Shining One was exalted by your worship.
You visited 4 branches of the dungeon, and saw 19 of its levels.
You also visited: Sewer, Ossuary and Volcano.

You collected 1896 gold pieces.
You spent 569 gold pieces at shops.

Inventory:

Hand Weapons
 O - the +12 mace of Zuarhu (weapon) {freeze, Fly rN+ Will+ rCorr Int+4}
   (You acquired it on level 1 of the Lair of Beasts)

   It freezes those it strikes, dealing additional cold damage.
   It can also slow down cold-blooded creatures.
   Int:       It affects your intelligence (+4).
   rN:        It protects you from negative energy.
   Fly:       It grants you flight.
   rCorr:     It protects you from acid and corrosion.
   Will:      It increases your willpower.
Missiles
 h - 3 silver boomerangs
 n - 14 javelins (quivered)
 v - 38 poisoned darts
 X - 3 throwing nets
Armour
 b - a +2 pair of gloves (worn)
 p - a +0 cloak (worn)
 s - a +1 hat of see invisible (worn)
 z - a +2 pair of boots (worn)
 S - the +6 chain mail "Seib" (worn) {rC+}
   (You found it on level 8 of the Dungeon)

   rC:        It protects you from cold.
 U - a scarf of shadows
 Z - a +0 tower shield (worn)
Jewellery
 c - a +6 ring of strength (right hand)
 e - a ring of protection from fire
 i - a ring of fire
 t - a ring of poison resistance (left hand)
 K - a ring of resist corrosion
 Y - an amulet of the acrobat (around neck)
Wands
 m - a wand of charming (4)
 u - a wand of flame (25)
 P - a wand of digging (12)
 R - a wand of roots (20)
 V - a wand of polymorph (4)
Scrolls
 g - 5 scrolls of immolation
 l - a scroll of fear
 q - 3 scrolls of enchant armour
 r - 3 scrolls of summoning
 w - 7 scrolls of enchant weapon
 A - 4 scrolls of teleportation
 B - 2 scrolls of magic mapping
 C - 4 scrolls of fog
 E - a scroll of brand weapon
 G - 6 scrolls of blinking
 L - 4 scrolls of poison
 M - 4 scrolls of silence
 T - a scroll of amnesia
Potions
 a - a potion of mutation {unknown}
 d - 7 potions of might
 f - 7 potions of haste
 j - 2 potions of heal wounds
 k - 5 potions of curing
 o - 4 potions of attraction
 D - 2 potions of brilliance
 I - a potion of ambrosia
 J - a potion of resistance
 N - 2 potions of berserk rage
 Q - a potion of magic {unknown}


   Skills:
 + Level 14.2 Fighting
 + Level 16.7 Maces & Flails
 + Level 2.6 Throwing
 + Level 14.3 Armour
 + Level 8.0 Dodging
 + Level 15.4 Shields
 * Level 11.5 Invocations


You had 15 spell levels left.
You didn't know any spells.
Your spell library contained the following spells:

 Spells                   Type           Power      Damage    Failure   Level
 Apportation              Tloc           0%         N/A       99%         1
 Beastly Appendage        Tmut           0%         N/A       99%         1
 Blink                    Tloc           0%         N/A       99%         2
 Ensorcelled Hibernation  Hex/Ice        0%         N/A       99%         2
 Passwall                 Tmut/Erth      0%         N/A       99%         2
 Sublimation of Blood     Necr           0%         N/A       99%         2
 Wereblood                Tmut           0%         N/A       99%         2
 Spider Form              Tmut/Pois      0%         N/A       100%        3
 Swiftness                Air            0%         N/A       100%        3
 Tukima's Dance           Hex            0%         N/A       100%        3
 Passage of Golubria      Tloc           0%         N/A       100%        4
 Alistair's Intoxication  Tmut/Pois      0%         N/A       100%        5
 Iskenderun's Battlesphe  Conj           0%         2d6       100%        5
 Manifold Assault         Tloc           0%         N/A       100%        5
 Yara's Violent Unravell  Hex/Tmut       0%         3d3       100%        5
 Iron Shot                Conj/Erth      0%         9d1       100%        6
 Malign Gateway           Summ/Tloc      0%         N/A       100%        7
 Spellforged Servitor     Conj/Summ      0%         N/A       100%        7
 Storm Form               Tmut/Air       0%         N/A       100%        7
 Summon Hydra             Summ           0%         N/A       100%        7
 Summon Horrible Things   Summ           0%         N/A       100%        8


Dungeon Overview and Level Annotations

Branches:
Dungeon (11/15)            Temple (0/1) D:5            Lair (2/6) D:11
  Swamp (4/4) Lair:2        Snake (0/4) Lair:2          Orc (2/2) D:9
    Elf (0/3) Orc:2         Sewer (visited)         Ossuary (visited)
Volcano (visited)

Altars:
Dithmenos
Trog
Wu Jian
Yredelemnul
The Shining One

Shops:
Orc:2 :(?*

Portals:
Pandemonium: Orc:2

Annotations:
D:2 1 runed translucent door, Crazy Yiuf
D:3 Terence


Innate Abilities, Weirdness & Mutations

You have a pair of horns on your head.
You reflexively headbutt those who attack you in melee.


Message History

Unknown command.
Your angel completely misses the briar patch.
Your angel hits the briar patch but does no damage.
The thorn hunter hits something! x2
Your angel is struck by the briar patch's thorns.
Your angel hits the briar patch with a +2 sacred scourge of holy wrath!
The briar patch is destroyed!
Roots burst forth from the earth!
Roots grab your angel.
Your angel is constricted!
As you read the scroll of teleportation, it crumbles to dust.
You feel strangely unstable.
Your angel gestures.
Your angel is healed somewhat.
The thorn hunter fires a volley of thorns at you.
The volley of thorns hits you!!!
* * * LOW HITPOINT WARNING * * *
Your angel is constricted!
Your angel gestures.
Your angel is healed somewhat.
You feel much better.
The thorn hunter fires a volley of thorns at you.
You block the volley of thorns.
Your angel struggles to escape constriction.
Your angel is constricted!!
What are your orders? t - Shout!
Orders for allies: a - Attack new target. p - Attack previous target. r - Retreat! s - Stop attacking. g - Guard the area. f - Follow me.
Anything else - Cancel.
Okay, then.
Your surroundings seem slightly different.
A shambling mangrove comes into view.
Your angel struggles to escape constriction.
The thorn hunter fires a volley of thorns at you.
You block the volley of thorns.
The thorn hunter fires a volley of thorns at you.
The volley of thorns hits you!!!
You die... ♣♣§.§≈≈○[♣♣♣♣♣..♣♣♣♣ PPPPP≈≈≈♣♣♣♣♣≈.♣ PPPPP......≈≈).♣♣♣ PPP#

#.≈≈...)≈≈≈♣ ♣♣..##
#≈≈≈≈.≈≈≈≈♣♣ ♣#.≈..♣
♣.♣§≈≈≈≈≈.≈≈
♣#P≈≈≈≈###♣≈≈≈≈≈≈≈≈≈≈
♣♣#PP≈....#♣#♣.≈≈≈≈≈).≈
♣PPPP≈@≈...♣#♣♣♣.......
#PPPP≈..≈≈A.♣ #♣♣≈♣≈≈≈
#≈.♣#§#♣♣≈P.♣ ♣♣♣≈§≈
####.###♣# ♣Pf♣ ≈≈≈≈≈
#....#


Pfi. ##≈..≈ ♣)..## PZ♣≈ ##≈♣. ##..≈≈ kZf #.♣♣ ...8...# .♣[†..♣.# You could see 2
thorn hunters, a shambling mangrove (distracted), a spriggan druid, a swamp
dragon zombie and a friendly angel (summoned, rooted).

Vanquished Creatures
  Donald (Swamp:3)
  An orc warlord (Orc:2)
  5 eleionomae
  A red draconian (Volcano)
  3 bunyips
  14 hydras
  2 two-headed ogres
  5 alligators
  Erica (Lair:1)
  A centaur warrior (Volcano)
  Nergalle (Lair:2)
  A sun demon (Orc:2)
  4 goliath frogs
  4 bog bodies
  A spriggan druid (Swamp:2)
  9 swamp dragons
  An oklob plant (Lair:2)
  A deep elf pyromancer (D:9)
  2 orc knights
  A wolf spider zombie (D:7)
  2 orc sorcerers
  A manticore (D:11)
  2 will-o-the-wisps
  A black mamba (Lair:2)
  4 centaur skeletons (D:7)
  6 cane toads
  A rime drake (Lair:2)
  A komodo dragon (D:11)
  2 yaktaurs (Volcano)
  6 trolls
  2 hellwings (D:7)
  A hydra zombie (Swamp:4)
  2 death drake zombies (Swamp:4)
  A queen bee (shapeshifter) (D:9)
  Grinder (Sewer)
  7 hornets
  Prince Ribbit (D:6)
  9 tyrant leeches
  4 slime creatures
  5 blink frogs (Lair:1)
  3 death drake skeletons (Swamp:4)
  Sigmund (D:3)
  A wraith (D:10)
  A vampire (D:11)
  7 spriggans
  A shadow (D:10)
  4 wyverns
  26 yaks
  An unseen horror simulacrum (D:9)
  2 vampire mosquitoes (Swamp:1)
  A chaos spawn (Orc:2)
  2 steam dragons
  2 wargs (Orc:1)
  11 swamp worms
  3 acid dragons
  3 nagas (Lair:2)
  6 water moccasins
  2 swamp drakes
  An ice beast (D:5)
  2 sky beasts
  A hydra simulacrum (Swamp:4)
  4 black bears
  28 orc warriors
  A swamp dragon zombie (Swamp:4)
  6 ogres
  8 centaurs
  6 wolves (Lair:1)
  A phantom (D:5)
  3 kobold brigands
  4 bullfrogs
  An elf zombie (Ossuary)
  6 scorpions
  15 wights
  11 killer bees
  An electric eel (D:7)
  2 centaur zombies
  2 hounds (D:4)
  A human zombie (Ossuary)
  27 orc priests
  A gnoll bouda (Orc:1)
  2 jellies
  2 quasits (Sewer)
  2 iguanas (D:7)
  Ijyb (D:3)
  Natasha (thrice) (D:3)
  13 orc wizards
  3 hound zombies (Ossuary)
  3 mummies (Ossuary)
  Robin (D:2)
  7 gnolls
  7 adders
  7 shadow imps
  A white imp (D:7)
  6 ufetubi
  6 adder zombies (Ossuary)
  2 worms
  5 dart slugs
  71 orcs
  5 endoplasms
  5 giant cockroaches
  3 gnoll zombies (Ossuary)
  19 goblins
  15 hobgoblins
  2 jackals (D:2)
  27 kobolds
  2 quokkas
  11 ball pythons
  6 bats
  3 frilled lizards
  2 goblin zombies (Ossuary)
  5 hobgoblin zombies (Ossuary)
  3 jackal zombies (Ossuary)
  7 kobold zombies
  An orc zombie (Ossuary)
  2 quokka zombies (Ossuary)
  4 rats
  4 rat zombies (Ossuary)
595 creatures vanquished.

Vanquished Creatures (collateral kills)
  Gastronok (Orc:1)
  A fenstrider witch (Swamp:3)
  A hydra zombie (Swamp:4)
  2 bunyips (Swamp:1)
  A demonspawn (Orc:2)
  A ghost crab (Swamp:4)
  2 alligators (Swamp:1)
  6 orc high priests (Orc:2)
  2 spriggan druids (Swamp:1)
  A spectral hydra (Swamp:4)
  A swamp dragon (Swamp:4)
  2 orc knights (Orc:2)
  A phantasmal warrior (Swamp:4)
  5 orc sorcerers (Orc:2)
  An orange demon (Orc:2)
  2 hornets (Swamp:4)
  A hydra skeleton (Swamp:4)
  3 spriggans
  2 hydra simulacra (Swamp:4)
  2 orc warriors (Orc:2)
  2 ogres
  2 briar patches (Swamp:4)
42 creatures vanquished.

Vanquished Creatures (others)
  A hornet (Swamp:4)
  4 bloated husks
  A spriggan (Swamp:4)
  2 orcs
  A kobold zombie (Sewer)
  A briar patch (Swamp:4)
  4 foxfires (Swamp:3)
  2 fungi (Lair:2)
  23 plants
  10 withered plants (D:7)
49 creatures vanquished.

Grand Total: 686 creatures vanquished

Notes
Turn   | Place    | Note
-------+----------+-------------------------------------------
     0 | D:1      | greenreed the Minotaur Fighter began the quest for the Orb.
     0 | D:1      | Reached XP level 1. HP: 19/19 MP: 0/0
   231 | D:1      | Reached XP level 2. HP: 24/27 MP: 1/1
   350 | D:1      | Found a faded altar of an unknown god.
   994 | D:2      | Reached XP level 3. HP: 33/33 MP: 2/2
  1224 | D:2      | Reached skill level 3 in Maces & Flails
  1276 | D:2      | Found a glowing golden altar of the Shining One.
  1329 | D:2      | Became a worshipper of the Shining One
  1490 | D:2      | Found a runed translucent door.
  1491 | D:2      | Noticed Crazy Yiuf
  1714 | D:3      | Reached XP level 4. HP: 40/40 MP: 3/3
  1753 | D:3      | Noticed Natasha
  1759 | D:3      | Killed Natasha
  1760 | D:3      | Reached skill level 4 in Maces & Flails
  1760 | D:3      | Reached XP level 5. HP: 31/47 MP: 4/4
  1769 | D:3      | Noticed Natasha
  1775 | D:3      | Killed Natasha
  1776 | D:3      | Reached skill level 1 in Dodging
  1951 | D:3      | Noticed Ijyb
  1959 | D:3      | Killed Ijyb
  2203 | D:3      | Reached skill level 5 in Armour
  2216 | D:3      | Identified the +2 leather armour "Lalic" {rN+ rCorr Int-4}
  2572 | D:3      | Noticed Natasha
  2572 | D:3      | Noticed Terence
  2618 | D:3      | Killed Natasha
  2737 | D:3      | Noticed Robin
  2739 | D:3      | Noticed Sigmund
  2741 | D:3      | Reached * piety under the Shining One
  2746 | D:2      | Killed Robin
  2747 | D:2      | Reached XP level 6. HP: 53/53 MP: 5/5
  2882 | D:3      | Reached skill level 5 in Maces & Flails
  3079 | D:3      | Killed Sigmund
  3080 | D:3      | Reached skill level 5 in Fighting
  3080 | D:3      | Reached skill level 6 in Maces & Flails
  3080 | D:3      | Reached XP level 7. HP: 60/61 MP: 6/6
  3403 | D:4      | Reached skill level 1 in Throwing
  3487 | D:4      | You fall into a shaft and drop 2 floors!
  3522 | D:6      | Found a sand-covered staircase.
  3527 | Ossuary  | Entered an ossuary
  3552 | Ossuary  | Reached ** piety under the Shining One
  3599 | Ossuary  | Reached skill level 7 in Maces & Flails
  3617 | Ossuary  | Reached *** piety under the Shining One
  3718 | Ossuary  | Reached **** piety under the Shining One
  3879 | D:6      | Reached XP level 8. HP: 68/69 MP: 7/7
  3886 | D:6      | Reached skill level 8 in Maces & Flails
  3933 | D:6      | Found a glowing drain.
  3944 | Sewer    | Entered a sewer
  4133 | Sewer    | Reached ***** piety under the Shining One
  4154 | Sewer    | Found a burning altar of Makhleb.
  4178 | Sewer    | Noticed Grinder
  4200 | Sewer    | Reached skill level 9 in Maces & Flails
  4200 | Sewer    | Reached skill level 5 in Shields
  4232 | Sewer    | Killed Grinder
  4727 | D:6      | Reached XP level 9. HP: 62/78 MP: 8/8
  4815 | D:6      | Noticed Prince Ribbit
  4820 | D:6      | Reached skill level 10 in Maces & Flails
  4828 | D:6      | Killed Prince Ribbit
  5366 | D:5      | Entered Level 5 of the Dungeon
  5467 | D:5      | Found a staircase to the Ecumenical Temple.
  5689 | D:5      | Reached skill level 11 in Maces & Flails
  7634 | D:7      | Reached XP level 10. HP: 80/88 MP: 9/9
  7676 | D:7      | Reached skill level 12 in Maces & Flails
  7981 | D:7      | Reached skill level 5 in Dodging
  8265 | D:7      | Reached skill level 13 in Maces & Flails
  8606 | D:7      | Found a shadowy altar of Dithmenos.
  9523 | D:8      | Identified the +6 chain mail "Seib" {rC+}
  9601 | D:8      | Noticed a two-headed ogre
  9611 | D:8      | Killed a two-headed ogre
  9612 | D:8      | Reached skill level 1 in Invocations
  9612 | D:8      | Reached XP level 11. HP: 41/97 MP: 6/10
 10319 | D:8      | Reached ****** piety under the Shining One
 10620 | D:9      | Found a staircase to the Orcish Mines.
 10828 | D:9      | Noticed a deep elf pyromancer
 10837 | D:9      | Killed a deep elf pyromancer
 11417 | D:9      | Noticed a two-headed ogre
 11424 | D:9      | Killed a two-headed ogre
 11425 | D:9      | Reached skill level 10 in Fighting
 11606 | D:10     | Entered Level 10 of the Dungeon
 11621 | D:10     | Reached skill level 14 in Maces & Flails
 11628 | D:9      | Reached skill level 10 in Armour
 12803 | D:10     | Found an ornate altar of the Wu Jian Council.
 13385 | D:11     | Found a staircase to the Lair.
 13568 | D:11     | Reached XP level 12. HP: 94/108 MP: 14/14
 14031 | D:11     | Reached skill level 5 in Invocations
 14271 | Orc:1    | Entered Level 1 of the Orcish Mines
 14271 | Orc:1    | Noticed Gastronok
 14367 | Orc:1    | Found a bloodstained altar of Trog.
 14399 | Orc:1    | Killed Gastronok
 14666 | Orc:2    | Entered Level 2 of the Orcish Mines
 14775 | Orc:2    | Paralysed by an orc sorcerer for 3 turns
 14995 | Orc:2    | Found a staircase to the Elven Halls.
 15876 | Orc:2    | Reached skill level 10 in Shields
 15886 | Orc:2    | Found Enwawk's General Store.
 15896 | Orc:2    | Found Nasetypt's Magic Scroll Shoppe.
 16163 | Orc:2    | Noticed an orc warlord
 16189 | Orc:2    | Killed an orc warlord
 16190 | Orc:2    | Reached skill level 15 in Maces & Flails
 16809 | Orc:2    | Bought a scroll of identify for 30 gold pieces
 16809 | Orc:2    | Bought a wand of flame (10) for 90 gold pieces
 16809 | Orc:2    | Bought a potion of heal wounds for 75 gold pieces
 16812 | Orc:2    | Bought a scroll of identify for 30 gold pieces
 16812 | Orc:2    | Bought a scroll of blinking for 112 gold pieces
 16812 | Orc:2    | Bought 2 scrolls of identify for 60 gold pieces
 16812 | Orc:2    | Bought a scroll of identify for 30 gold pieces
 16812 | Orc:2    | Bought a scroll of identify for 30 gold pieces
 16812 | Orc:2    | Bought a scroll of enchant armour for 112 gold pieces
 16841 | Orc:2    | Noticed an orc high priest
 16847 | Orc:2    | Noticed an orc high priest
 16907 | Orc:2    | Killed an orc high priest
 16914 | Orc:2    | Reached XP level 13. HP: 38/117 MP: 10/17
 17018 | Orc:2    | Found Loust's Book Shop.
 17018 | Orc:2    | Found Deol's Antique Weapon Boutique.
 17019 | Orc:2    | Found a one-way gate leading to the halls of Pandemonium.
 17519 | Lair:1   | Entered Level 1 of the Lair of Beasts
 17866 | Lair:1   | Identified a scroll of acquirement
 17867 | Lair:1   | Acquired the +12 mace of Zuarhu {freeze, Fly rN+ Will+
                  | rCorr Int+4}
 18134 | Lair:1   | Noticed Erica
 18140 | Lair:1   | Killed Erica
 18457 | Lair:2   | Noticed Nergalle
 18465 | Lair:2   | Killed Nergalle
 18476 | Lair:2   | Found a staircase to the Swamp.
 18544 | Lair:2   | Found a dark tunnel.
 18556 | Volcano  | Entered a volcano
 18718 | Volcano  | Noticed a red draconian
 18726 | Volcano  | Killed a red draconian
 19331 | Lair:2   | Found a staircase to the Snake Pit.
 19793 | Swamp:1  | Entered Level 1 of the Swamp
 19800 | Swamp:1  | Noticed an eleionoma
 20057 | Swamp:1  | Noticed a bunyip
 20063 | Swamp:1  | Killed a bunyip
 20075 | Swamp:1  | Reached XP level 14. HP: 104/127 MP: 19/19
 20237 | Swamp:1  | Reached skill level 16 in Maces & Flails
 22346 | Swamp:2  | Reached skill level 10 in Invocations
 23232 | Swamp:3  | Noticed Donald
 23247 | Swamp:3  | Killed Donald
 23261 | Swamp:3  | Noticed a fenstrider witch
 23269 | Swamp:3  | Killed a fenstrider witch
 23665 | Swamp:3  | Reached XP level 15. HP: 132/136 MP: 21/21
 24031 | Swamp:4  | Entered Level 4 of the Swamp
 24198 | Swamp:4  | Reached XP level 16. HP: 115/146 MP: 17/23
 24581 | Swamp:3  | Reached skill level 15 in Shields
 24910 | Swamp:4  | Found a basalt altar of Yredelemnul.
 24947 | Swamp:4  | Noticed a thorn hunter
 24951 | Swamp:4  | Noticed a thorn hunter
 24956 | Swamp:4  | HP: 6/146 [thorn hunter/volley of thorns (36)]
 24958 | Swamp:4  | Killed from afar by a thorn hunter

Illustrated notes

Levels and vault maps discovered:
D:1:      minmay_arrival_five_plusses, layout_basic,
          dilly_ecumenical_altar_fadedgnrine
D:2:      layout_basic, basic_altar, uniq_crazy_yiuf_cottage
D:3:      layout_basic, minmay_misc_feat_tower, grunt_decor_one_mirror,
          minmay_ogre_servants, uniq_sigmund, uniq_robin, uniq_natasha,
          uniq_terence, uniq_ijyb
D:4:      layout_basic, kennysheep_generic_room_13
D:5:      layout_loops_ring, minmay_temple_entry_statues_pillars
D:6:      kennysheep_spiral_hall, layout_basic, enter_ossuary_2,
          cheibrodos_sewer_entry_sluice, uniq_prince_ribbit1
D:7:      cheibrodos_grave_circle, layout_layer_cave,
          nicolae_dithmenos_shadow_blocks, serial_bayou_pond_b
D:8:      layout_loops_corners, palyth_stone_intersect
D:9:      layout_rooms, david_orc_3, kb_rosetta
D:10:     layout_layer_cave, pdpol_wu_jian_five_deadly_venoms
D:11:     layout_cave_pools, david_lair_generic, gauntlet_entry_generic,
          kennysheep_generic_room_16
Lair:1:   layout_gridlike, grunt_megastairs_3, uniq_erica
Lair:2:   layout_layer_cave, swamp_mist, minmay_snake_entry_guardpost_small,
          lightli_volcano_entry_magma_tube, chequers_serial_rivers_micro_c,
          minivault_11, uniq_nergalle
Swamp:1:  layout_basic_swamp, serial_swamp_ruin, evilmike_swamp_ruin_house_2,
          evilmike_swamp_ruin_house_1, evilmike_swamp_ruin_house_3
Swamp:2:  layout_basic_swamp, hangedman_swamp_ruin_hall
Swamp:3:  layout_basic_swamp, evilmike_swamp_ruin_wall, swamp_pool1,
          nicolae_swamp_rocky_clearing, lightli_tree_ring, uniq_donald
Swamp:4:  byrel_swamp_growth_death_and_undeath, layout_basic_swamp, swamp_pool2,
          infiniplex_staircase_pool_2
Orc:1:    layout_caves, basic_altar, uniq_gastronok
Orc:2:    pf_orc_diabolical, layout_diamond_mine

Skill      XL: |  1  2  3  4  5  6  7  8  9 10 11 12 13 14 15 16 |
---------------+-------------------------------------------------+-----
Fighting       | 4 5 6 8 9 10 11 12 13 14 | 14.2
Armour         | 4 5 6 7 8 9 10 11 12 13 14 | 14.3
Shields        | 4 5 6 7 8 10 12 14 15 | 15.4
Maces & Flails | 3 4 6 7 9 11 13 14 15 16 | 16.7
Dodging        | 1 2 3 4 5 6 7 8 |  8.0
Throwing       | 1 2 |  2.6
Invocations    | 1 4 6 8 10 11 | 11.5

Action                   |  1- 3 |  4- 6 |  7- 9 | 10-12 | 13-15 | 16-18 || total
-------------------------+-------+-------+-------+-------+-------+-------++-------
Melee: Flail             |    77 |    78 |   337 |   804 |    48 |       ||  1344
       Headbutt          |     8 |    11 |    79 |   247 |   145 |    35 ||   525
       Whip              |     1 |       |       |       |       |       ||     1
       Mace              |       |       |       |       |   380 |    92 ||   472
Throw: Dart              |       |    10 |       |       |       |       ||    10
       Javelin           |       |     4 |       |       |     3 |       ||     7
Invok: Cleansing Flame   |       |       |       |     4 |     3 |       ||     7
       Divine Shield     |       |       |       |     1 |       |     1 ||     2
       Summon Divine War |       |       |       |     3 |     5 |     3 ||    11
  Use: Scroll            |       |       |     7 |    10 |     9 |     1 ||    27
       Potion            |       |       |     1 |       |     4 |     1 ||     6
Armor: Scale mail        |    34 |    22 |   168 |    70 |       |       ||   294
       Chain mail        |       |       |       |   275 |   259 |   204 ||   738
Dodge: Dodged            |    34 |    35 |   183 |   259 |   187 |    94 ||   792
Block: Buckler           |    12 |    19 |    81 |   112 |       |       ||   224
       Tower shield      |       |       |       |   312 |   388 |   171 ||   871

Table legend: (Time is in decaauts)
 A = Elapsed time spent in this place.
 B = Non-inter-level travel time spent in this place.
 C = Inter-level travel time spent in this place.
 D = Time resting spent in this place.
 E = Time spent auto-exploring this place.
 F = Levels seen in this place.
 G = Mean time per level.
                   A        B        C        D        E       F      G
               +--------+--------+--------+--------+--------+-----+--------+
         Total |  24890 |  23996 |    894 |   3786 |  15757 |  22 | 1131.4 |
       Dungeon |  13674 |  12995 |    679 |   1315 |   9621 |  11 | 1243.1 |
          Lair |   2265 |   2219 |     46 |    263 |   1623 |   2 | 1132.5 |
         Swamp |   4877 |   4793 |     84 |   1573 |   2382 |   4 | 1219.2 |
  Orcish Mines |   3078 |   2993 |     85 |    635 |   1591 |   2 | 1539.0 |
         Sewer |    471 |    471 |      0 |      0 |    283 |   1 |  471.0 |
       Ossuary |    258 |    258 |      0 |      0 |    130 |   1 |  258.0 |
       Volcano |    264 |    264 |      0 |      0 |    127 |   1 |  264.0 |
               +--------+--------+--------+--------+--------+-----+--------+

Top non-repeatable levels by time:
     D:7: 2149 daAuts
   Orc:2: 2046 daAuts
 Swamp:1: 1883 daAuts
    D:10: 1680 daAuts
 Swamp:3: 1443 daAuts
     D:3: 1422 daAuts
     D:6: 1415 daAuts
  Lair:2: 1370 daAuts
     D:8: 1311 daAuts
     D:9: 1249 daAuts
 Swamp:2: 1095 daAuts
   Orc:1: 1031 daAuts
     D:2: 994 daAuts
     D:1: 969 daAuts
  Lair:1: 895 daAuts
